 Dungeon Crawl Stone Soup version 0.30-a0-170-g85af917532 (webtiles) character file.

Game seed: 10407127265902500001

36463 LnG the Covert (level 14, 0/82 HPs)
             Began as a Kobold Summoner on Sept 30, 2022.
             Was an Initiate of Yredelemnul.
             Slain by a salamander
             ... wielding a +0 halberd
              (2 damage)
             ... in a volcano.
             The game lasted 01:20:01 (20840 turns).

LnG the Covert (Kobold Summoner)                   Turns: 20840, Time: 01:20:03

Health: 0/82       AC: 16    Str: 12    XL:     14   Next: 23%
Magic:  23/28      EV: 23    Int: 27    God:    Yredelemnul [......]
Gold:   307        SH:  0    Dex: 20    Spells: 21/34 levels left

rFire   + + +      SeeInvis .    z - +12 whip of Sunlight {protect, Str+3 Dex+5}
rCold   + . .      Faith    .    (no shield)
rNeg    . . .      Spirit   .    y - +1 robe {rF+}
rPois   +          Reflect  .    e - +2 helmet
rElec   +          Harm     .    (no cloak)
rCorr   +          Rampage  .    E - +1 pair of gloves of Mucurora {rC+ Str+3}
Will    +....                    v - +0 pair of boots of the Sky {+Blink Regen+}
Stlth   +++++++...               (no amulet)
HPRegen 1.03/turn                k - ring of fire
MPRegen 0.21/turn                M - +6 ring of intelligence

@: resistant, under a protective aura
A: small, no large weapons, nightstalker 3
a: Renounce Religion, Evoke Blink, Recall Undead Harvest


You were in a volcano.
You worshipped Yredelemnul.
Yredelemnul was noncommittal.
You visited 3 branches of the dungeon, and saw 17 of its levels.
You also visited: Ice Cave and Volcano.

You collected 1328 gold pieces.
You spent 1021 gold pieces at shops.

Inventory:

Hand Weapons
 i - a +7 dagger of venom
 z - the +12 whip of Sunlight (weapon) {protect, Str+3 Dex+5}
   (You found it on level 8 of the Dungeon)

   It grants its wielder temporary protection when it strikes (+7 to AC).
   Str:       It affects your strength (+3).
   Dex:       It affects your dexterity (+5).
Missiles
 t - 2 throwing nets
Armour
 e - a +2 helmet (worn)
 v - the +0 pair of boots of the Sky (worn) {+Blink Regen+}
   (You bought it in a shop on level 4 of the Dungeon)

   +Blink:    It lets you blink.
   Regen:     It increases your rate of health regeneration.
 y - a +1 robe of fire resistance (worn)
 E - the +1 pair of gloves of Mucurora (worn) {rC+ Str+3}
   (You bought it in a shop on level 5 of the Dungeon)

   Str:       It affects your strength (+3).
   rC:        It protects you from cold.
Jewellery
 k - a ring of fire (left hand)
 s - a ring of positive energy
 M - a +6 ring of intelligence (right hand)
Wands
 n - a wand of digging (3)
 w - a wand of roots (19)
 D - a wand of flame (22)
 H - a wand of quicksilver (4)
 I - a wand of mindburst (3)
 K - a wand of paralysis (3)
Scrolls
 d - 2 scrolls of poison
 f - a scroll of magic mapping
 g - a scroll of summoning
 h - 3 scrolls of fog
 j - 3 scrolls of vulnerability
 l - 2 scrolls of immolation
 m - 6 scrolls of amnesia
 p - 3 scrolls of fear
 x - 2 scrolls of blinking
 A - 5 scrolls of teleportation
Potions
 a - 2 potions of brilliance
 b - a potion of magic
 c - 4 potions of lignification
 q - 3 potions of curing
 r - 6 potions of might
 u - a potion of haste
 B - a potion of cancellation
 C - 2 potions of invisibility
 F - 2 potions of mutation
 G - 2 potions of ambrosia
 J - 2 potions of berserk rage


   Skills:
 + Level 7.5 Fighting
 + Level 7.6 Short Blades
 + Level 7.9 Maces & Flails
 + Level 11.7 Dodging
 + Level 13.2 Stealth
 + Level 0.1 Unarmed Combat
 + Level 10.9 Spellcasting
 + Level 1.6 Hexes
 + Level 10.9 Summonings
 + Level 3.9 Air Magic
 + Level 0.2 Evocations


You had 21 spell levels left.
You knew the following spells:

 Your Spells              Type           Power      Damage    Failure   Level
a - Summon Small Mammal   Summ           100%       N/A       1%          1
b - Call Imp              Summ           65%        N/A       1%          2
c - Call Canine Familiar  Summ           65%        N/A       1%          3
d - Summon Guardian Gole  Hex/Summ       48%        N/A       1%          3
e - Summon Lightning Spi  Summ/Air       53%        N/A       1%          4

Your spell library contained the following spells:

 Spells                   Type           Power      Damage    Failure   Level
 Slow                     Hex            92%        N/A       1%          1
 Confusing Touch          Hex            23%        N/A       6%          3
 Inner Flame              Hex/Fire       28%        N/A       9%          3
 Vampiric Draining        Necr           14%        2d7       12%         3
 Cause Fear               Hex            11%        N/A       21%         4
 Manifold Assault         Tloc           14%        N/A       36%         4
 Dispersal                Tloc           7%         N/A       99%         6
 Discord                  Hex            11%        N/A       100%        8
 Disjunction              Tloc           7%         N/A       100%        8


Dungeon Overview and Level Annotations

Branches:
Dungeon (15/15)            Temple (1/1) D:5            Lair (1/5) D:9
    Orc (0/2) D:9          Vaults (0/5) D:14         Depths (0/4) D:15
  IceCv (visited)         Volcano (1/1)

Altars:
Ashenzari
Cheibriados
Dithmenos
Elyvilon
Fedhas
Gozag
Hepliaklqana
Kikubaaqudgha
Makhleb
Nemelex Xobeh
Okawaru
Qazlal
Ru
Sif Muna
Trog
Uskayaw
Vehumet
Wu Jian
Xom
Yredelemnul
Zin
The Shining One

Shops:
D:4 [   D:5 [*[   D:6 =

Annotations:
D:4 2 transporters, Splishie's ghost, amateur GnWn


Innate Abilities, Weirdness & Mutations

You are small and have problems with some larger weapons.
You are completely attuned to the shadows.


Message History

* * * LOW HITPOINT WARNING * * *
You are engulfed in flames.
You resist.
* * * LOW HITPOINT WARNING * * *
The salamander hits you from afar with a +0 halberd!
* * * LOW HITPOINT WARNING * * *
You are engulfed in flames.
You resist.
* * * LOW HITPOINT WARNING * * *
The salamander mystic gestures at you while chanting.
The bolt of magma misses you.
There is an open door here.
Unknown command.
Casting: Summon Lightning Spire (dangerous; 1% risk of failure)
Confirm with . or Enter, or press ? or * to list all spells.
The salamander mystic points at you and mumbles some strange words.
The bolt of magma misses you.
Unknown command.
You swap places.
Your warg barely misses the salamander mystic.
Unknown command.
Your warg bites the salamander mystic but does no damage.
The salamander mystic hits your warg with a +0 quarterstaff.
Your warg is engulfed in flames!
Unknown command.
Your warg completely misses the salamander mystic.
The salamander misses you.
Your warg bites the salamander mystic.
You catch the helpless salamander mystic completely off-guard!
You whack the salamander mystic!
Your weapon exudes an aura of protection.
The salamander mystic is almost dead.
The salamander closely misses you. The salamander mystic misses you.
Your warg bites the salamander mystic.
Unknown command.
You barely miss the salamander mystic.
The salamander mystic is almost dead.
The salamander misses you.
The salamander hits you from afar with a +0 halberd!
* * * LOW HITPOINT WARNING * * *
You are engulfed in flames.
You resist.
You die...
Your body rises from the dead as a mindless zombie.

..§§§≈≈≈§§.###+ #N# +###..§§≈
≈≈.§≈≈≈§≈§.#... #.# ...#.§≈≈§
≈≈≈.≈§§≈≈≈.#### #.# ####.≈≈§≈
≈≈≈≈.§§§≈≈.# #.# #.≈§≈≈
≈≈≈≈≈§≈§≈≈.# #N# #§§≈≈≈
§≈≈§≈§.≈§≈.# #.# #§§§≈§
≈§≈≈≈≈§§§..# #.# #§§≈≈≈
§§≈§≈≈§§...########'########.§§≈≈
≈≈≈≈≈§≈≈≈≈.§...@hN§........≈≈§≈§
≈ ≈≈≈≈§§§≈§≈§§§§§NN≈≈≈≈≈.≈≈≈≈§≈≈§
§≈S≈≈≈§§§≈≈≈§§≈≈≈§§≈≈§≈§≈≈§≈≈≈§≈≈
≈≈§§≈§≈≈≈≈S≈≈≈≈≈§§≈§§§≈≈≈≈§§§≈§≈
...≈≈≈≈≈≈§§§≈≈§≈≈≈≈§§§≈§≈≈≈≈≈≈≈§≈
.....≈≈≈≈≈≈≈≈≈≈≈§≈≈§≈≈§≈≈§≈≈≈≈§≈§
......§≈≈≈§≈≈≈≈≈§≈§§≈≈§§§.§.≈≈≈≈≈
......§.≈.≈≈.§≈§≈≈≈≈§.§§...§≈≈≈≈§
####............§.§§....##.......


You could see a salamander mystic (ally target), 2 salamanders and a friendly
warg (summoned).

Vanquished Creatures
  A hydra (D:15)
  4 two-headed ogres
  6 centaur warriors
  3 tengu warriors
  Lodul (D:12)
  A necromancer (D:15)
  A deep elf zephyrmancer (D:14)
  3 ugly things (D:15)
  An orc sorcerer (D:15)
  2 cyclopes
  A centaur zombie (D:15)
  A naga mage (D:15)
  5 gargoyles
  A freezing wraith (D:15)
  A komodo dragon (Lair:1)
  3 yaktaurs (D:14)
  A komodo dragon (shapeshifter) (D:15)
  A kobold demonologist (D:12)
  A tengu conjurer (D:15)
  2 trolls
  A slime creature (D:14)
  A centaur simulacrum (D:15)
  A wraith (D:12)
  A water elemental (D:12)
  A wyvern (D:10)
  14 yaks
  2 vampires
  A yak (shapeshifter) (D:13)
  3 steam dragons (D:9)
  3 vampire mosquitoes (D:11)
  An acid dragon (D:10)
  Edmund (D:5)
  A water moccasin (D:6)
  An orc warrior (D:10)
  An ice beast (D:6)
  A black bear (Lair:1)
  4 boggarts (D:15)
  6 centaurs
  9 ogres
  A phantom (D:5)
  A bullfrog (D:6)
  2 necrophages (D:6)
  A gnoll sergeant (D:6)
  4 scorpions
  3 wights (D:9)
  10 killer bees
  3 howler monkeys
  2 electric eels (D:12)
  A lava snake (Volcano)
  3 jellies
  A gnoll bouda (D:7)
  4 orc priests
  6 iguanas
  Terence (D:2)
  6 orc wizards
  A hound skeleton (D:6)
  9 gnolls
  7 adders
  A white imp (D:7)
  An ufetubus (D:4)
  A worm (D:2)
  13 orcs
  7 ball pythons
  4 endoplasms
  4 giant cockroaches
  5 goblins
  6 hobgoblins
  A jackal (D:3)
  7 quokkas
  4 bats
  3 frilled lizards
  3 kobolds
  2 rats
221 creatures vanquished.

Vanquished Creatures (collateral kills)
  2 ogre magi
  4 two-headed ogres
  A death knight (D:14)
  A slime creature (D:14)
  A deep elf knight (D:14)
  A wizard (D:15)
  2 deep elf zephyrmancers (D:14)
  An orc sorcerer (D:15)
  An ugly thing (D:13)
  A wraith (D:13)
  5 yaks
  3 wyverns (D:9)
  A water elemental (D:12)
  Menkaure (D:6)
  An acid dragon (D:9)
  2 orc warriors
  A black bear (D:7)
  7 centaurs
  2 ogres
  2 kobold brigands
  3 bullfrogs
  A necrophage (D:7)
  5 wights (D:7)
  7 killer bees
  An electric eel (D:12)
  2 orc priests
  An iguana (D:4)
  2 orc wizards
  A boggart simulacrum (D:15)
  8 gnolls
  An adder (D:4)
  2 worms
  13 orcs
  2 endoplasms
  2 jackals (D:3)
  A quokka (D:3)
  A bat (D:1)
  2 kobolds
  An orc zombie (D:10)
  3 rats (D:1)
99 creatures vanquished.

Vanquished Creatures (others)
  2 ugly thing zombies (D:15)
  A hydra zombie (D:15)
  A vampire (D:9)
  A yak (D:9)
  A two-headed ogre zombie (D:15)
  An acid dragon (D:9)
  A human zombie (D:14)
  2 orc warriors
  An elf zombie (D:14)
  A vampire mosquito zombie (D:11)
  A kobold brigand (D:9)
  2 wyvern zombies (D:9)
  2 yaktaur zombies (D:14)
  4 wights (D:7)
  4 killer bees (D:9)
  9 yak zombies
  3 bullfrog zombies
  6 centaur zombies
  An orc priest (D:7)
  A boggart zombie (D:15)
  2 killer bee zombies (D:9)
  5 ogre zombies
  2 kobold zombies (D:9)
  An acid dragon zombie (D:9)
  3 steam dragon zombies (D:9)
  A worm zombie (D:7)
  A spectral white imp (D:7)
  3 orcs (D:9)
  4 gnoll zombies
  11 orc zombies
  2 fungi (D:9)
  10 plants
90 creatures vanquished.

Grand Total: 410 creatures vanquished

Notes
Turn   | Place    | Note
-------+----------+-------------------------------------------
     0 | D:1      | LnG the Kobold Summoner began the quest for the Orb.
     0 | D:1      | Reached XP level 1. HP: 10/10 MP: 3/3
   455 | D:1      | Reached XP level 2. HP: 15/15 MP: 5/5
   458 | D:1      | Learned a level 2 spell: Call Imp
  1130 | D:2      | Reached skill level 3 in Stealth
  1277 | D:2      | Reached XP level 3. HP: 19/19 MP: 6/6
  1281 | D:2      | Learned a level 3 spell: Call Canine Familiar
  1352 | D:2      | Noticed Terence
  1572 | D:2      | Reached skill level 1 in Short Blades
  2052 | D:2      | Reached XP level 4. HP: 24/24 MP: 7/7
  2254 | D:2      | Killed Terence
  2255 | D:2      | Reached skill level 1 in Fighting
  2493 | D:2      | Reached skill level 4 in Stealth
  2924 | D:3      | Reached XP level 5. HP: 29/29 MP: 3/8
  3208 | D:2      | HP: 1/29 [gnoll/+0 whip (2)]
  3582 | D:3      | Noticed an ogre
  3591 | D:3      | Killed an ogre
  3592 | D:3      | Reached skill level 5 in Summonings
  3592 | D:3      | Reached XP level 6. HP: 35/35 MP: 5/10
  3596 | D:3      | Learned a level 3 spell: Summon Guardian Golem
  3659 | D:3      | Reached skill level 5 in Stealth
  4243 | D:3      | Reached XP level 7. HP: 19/40 MP: 2/12
  4419 | D:3      | HP: 1/40 [orc priest/nerve-wracking pain (5)]
  5820 | D:4      | Found a transporter.
  5824 | D:4      | Found a transporter.
  5824 | D:4      | Noticed Splishie's ghost (amateur GnWn)
  5958 | D:4      | Found Mucli's Armour Shop.
  5971 | D:4      | Bought the +0 pair of boots of the Sky {+Blink Regen+} for
                  | 185 gold pieces
  6218 | D:5      | Entered Level 5 of the Dungeon
  6371 | D:5      | Reached XP level 8. HP: 45/45 MP: 12/14
  6376 | D:5      | Learned a level 4 spell: Summon Lightning Spire
  6407 | D:5      | Found Qyutag Xeke's General Store.
  6411 | D:5      | Bought a scroll of identify for 24 gold pieces
  6500 | D:5      | Reached skill level 6 in Stealth
  6521 | D:5      | Noticed Edmund
  6528 | D:5      | Killed Edmund
  6729 | D:5      | Found a staircase to the Ecumenical Temple.
  6733 | Temple   | Entered the Ecumenical Temple
  6993 | Temple   | Became a worshipper of Yredelemnul the Dark
  7046 | D:5      | Found a glowing golden altar of the Shining One.
  7136 | D:5      | Found Doal's Antique Armour Shoppe.
  7241 | D:5      | Found Vosoixy's Antique Armour Shoppe.
  7510 | D:6      | Noticed Menkaure
  7519 | D:6      | Killed Menkaure
  7520 | D:6      | Reached skill level 5 in Short Blades
  7520 | D:6      | Reached skill level 7 in Stealth
  7607 | D:6      | Reached * piety under Yredelemnul
  7755 | D:6      | Reached XP level 9. HP: 51/51 MP: 15/15
  7858 | D:6      | Reached skill level 8 in Stealth
  7924 | D:6      | Found Mayq's Jewellery Shop.
  7986 | D:6      | Found an ancient bone altar of Kikubaaqudgha.
  8010 | D:6      | Reached ** piety under Yredelemnul
  8238 | D:6      | Reached *** piety under Yredelemnul
  8363 | D:6      | Found a burning altar of Makhleb.
  8735 | D:5      | Bought a runed robe for 114 gold pieces
  8989 | D:7      | Identified the +6 war axe of Gufahile {antimagic, *Rage
                  | rElec rC+ Str+3}
  9022 | D:7      | Reached skill level 9 in Stealth
  9080 | D:7      | Identified the +5 flail of Nufebb {freeze, rF+ Str+7 Dex-4
                  | Stlth+}
  9082 | D:7      | Reached skill level 5 in Dodging
  9351 | D:7      | Reached skill level 5 in Spellcasting
  9678 | D:7      | Found a shadowy altar of Dithmenos.
  9694 | D:7      | Reached skill level 1 in Hexes
  9802 | D:7      | Reached XP level 10. HP: 48/58 MP: 0/18
 10016 | D:7      | Found a snail-covered altar of Cheibriados.
 10472 | D:7      | Identified the +5 quarterstaff "Jes Deo" {speed, Str+4}
 11050 | D:8      | Found an ornate altar of the Wu Jian Council.
 11086 | D:8      | Found a sparkling altar of Nemelex Xobeh.
 11086 | D:8      | Found an opulent altar of Gozag.
 11090 | D:8      | Identified the +12 whip of Sunlight {protect, Str+3 Dex+5}
 11701 | D:9      | Found a staircase to the Orcish Mines.
 11721 | D:9      | Reached skill level 1 in Maces & Flails
 11888 | D:9      | Reached skill level 5 in Fighting
 12242 | D:9      | Identified the +5 ring mail "Icoisyev" {rPois Dex+4 Slay+3}
 12296 | D:9      | Reached **** piety under Yredelemnul
 12394 | D:9      | Reached skill level 10 in Stealth
 12398 | D:9      | Reached XP level 11. HP: 51/64 MP: 12/22
 12404 | D:9      | Found a shimmering altar of Xom.
 12536 | D:9      | Found a staircase to the Lair.
 13009 | D:5      | Bought a pair of smoking gloves for 266 gold pieces
 13009 | D:5      | Identified the +1 pair of gloves of Mucurora {rC+ Str+3}
                  | (You bought it in a shop on level 5 of the Dungeon)
 13444 | D:10     | Entered Level 10 of the Dungeon
 13621 | D:10     | Noticed a two-headed ogre
 13624 | D:10     | Killed a two-headed ogre
 14007 | D:11     | Noticed a two-headed ogre
 14021 | D:11     | Killed a two-headed ogre
 14022 | D:11     | Reached skill level 1 in Air Magic
 14384 | D:11     | Reached XP level 12. HP: 69/69 MP: 21/24
 14387 | D:11     | Reached skill level 11 in Stealth
 14492 | D:11     | Reached skill level 5 in Maces & Flails
 15487 | D:12     | Noticed Lodul
 15558 | D:12     | Killed Lodul
 15915 | D:12     | Noticed a two-headed ogre
 15933 | D:12     | Killed a two-headed ogre
 16761 | D:13     | Noticed a centaur warrior
 16780 | D:13     | Killed a centaur warrior
 16961 | D:13     | Noticed a centaur warrior
 17031 | D:13     | Noticed a tengu warrior
 17032 | D:13     | Noticed a tengu warrior
 17147 | D:13     | Killed a tengu warrior
 17148 | D:13     | Reached skill level 10 in Dodging
 17149 | D:13     | Killed a tengu warrior
 17234 | D:13     | Killed a centaur warrior
 17241 | D:13     | Reached XP level 13. HP: 59/76 MP: 20/26
 17561 | D:14     | Noticed a centaur warrior
 17564 | D:14     | Killed a centaur warrior
 17578 | D:14     | Reached skill level 12 in Stealth
 17598 | D:14     | Found a frozen archway.
 17603 | IceCv    | Entered an ice cave
 17609 | IceCv    | HP: 1/76 [harpy simulacrum (19)]
 17848 | D:14     | Noticed a centaur warrior
 17860 | D:14     | Killed a centaur warrior
 18353 | D:14     | Killed an ogre mage
 18354 | D:14     | Reached skill level 10 in Spellcasting
 18418 | D:14     | Noticed a centaur warrior
 18429 | D:14     | Killed a centaur warrior
 18437 | D:14     | Reached skill level 10 in Summonings
 18630 | D:14     | Found a gate to the Vaults.
 18797 | D:14     | Noticed a centaur warrior
 18801 | D:14     | Killed a centaur warrior
 18906 | D:15     | Entered Level 15 of the Dungeon
 19095 | D:15     | Found a stormy altar of Qazlal.
 19260 | D:15     | Noticed an ogre mage
 19477 | D:15     | Noticed an ogre mage
 19502 | D:15     | Killed an ogre mage
 19509 | D:15     | Reached XP level 14. HP: 74/82 MP: 11/28
 19521 | D:15     | Reached skill level 13 in Stealth
 20123 | D:15     | Found a staircase to the Depths.
 20427 | D:6      | Bought a +6 ring of intelligence for 432 gold pieces
 20528 | Lair:1   | Entered Level 1 of the Lair of Beasts
 20558 | Lair:1   | Found a dark tunnel.
 20566 | Volcano  | Entered a volcano
 20813 | Volcano  | Found a bloodstained altar of Trog.
 20840 | Volcano  | HP: 2/82 [salamander/+0 halberd (15)]
 20840 | Volcano  | Slain by a salamander

Illustrated notes

Levels and vault maps discovered:
D:1:      minmay_arrival_wavy_path, layout_loops_ring, minivault_5, st_stairs_11
D:2:      layout_loops_corners, uniq_terence
D:3:      cheibrodos_pilgrimage, layout_basic, nicolae_figureground_sparkle
D:4:      layout_cave_pods, gammafunk_ghost_arena, kennysheep_windowed_goal
D:5:      layout_loops_ring, mainiacjoe_overflow_cross_hatched,
          minmay_temple_entry_proselytizer, serial_shops, nicolae_diamond_shop,
          shop_statue, shop_fountains, uniq_edmund
D:6:      layout_basic, makhleb_blood_cavern_becter, lemuel_doored_altar,
          minmay_shop_enchanted_jewellery, chequers_serial_rivers_room_a,
          uniq_menkaure
D:7:      layout_basic, slow_altar_1, mainiacjoe_overflow_concentric_impassable
D:8:      layout_basic, grunt_temple_overflow_opulence,
          mainiacjoe_overflow_tiny_flanked
D:9:      layout_roguey, xom_confusion_cloud, dpeg_oklobed_lair, david_orc_2,
          minmay_misc_feat_encased
D:10:     layout_roguey
D:11:     layout_loops_corners, eino_small_chamber_without_monster
D:12:     layout_basic, uniq_lodul
D:13:     layout_cave_pools
D:14:     layout_loops_cross, hangedman_vaults_entry_quadrant_bands,
          portal_ice_cave_entry_pillars_three, minmay_misc_feat_hallway
D:15:     grunt_enter_depths_magical_seal, layout_loops_ring,
          nicolae_qazlal_style_of_elements
Temple:   nicolae_temple_figure_eight
Lair:1:   layout_chaotic_city, gammafunk_ghost_berserking_beasts,
          nicolae_volcano_entry_two_sided, nicolae_quartered_pool_impasse
Volcano:  volcano_lake [vl_original]

Skill      XL: |  1  2  3  4  5  6  7  8  9 10 11 12 13 14 |
---------------+-------------------------------------------+-----
Stealth        | 3 4 5 7 9 10 11 12 13 | 13.2
Short Blades   | 1 2 3 4 5 6 7 |  7.6
Fighting       | 1 2 3 4 5 6 7 |  7.5
Dodging        | 3 4 5 7 8 10 11 | 11.7
Spellcasting   | 3 4 5 7 8 9 10 | 10.9
Summonings     | 5 6 7 9 10 | 10.9
Hexes          | 1 |  1.6
Maces & Flails | 1 4 6 7 |  7.9
Air Magic      | 1 2 3 |  3.9
Unarmed Combat | |  0.1
Evocations     | |  0.2

Action                   |  1- 3 |  4- 6 |  7- 9 | 10-12 | 13-15 || total
-------------------------+-------+-------+-------+-------+-------++-------
Melee: Unarmed           |     8 |       |       |       |       ||     8
       Dagger            |    44 |    96 |   167 |    90 |    18 ||   415
       Punch             |     1 |     1 |     5 |     3 |     2 ||    12
       Whip              |       |       |       |   409 |   143 ||   552
 Cast: Summon Small Mamm |     6 |       |     1 |       |       ||     7
       Call Canine Famil |     1 |    13 |    24 |    34 |    20 ||    92
       Call Imp          |     1 |     7 |     8 |     3 |     1 ||    20
       Summon Guardian G |       |       |     9 |     9 |       ||    18
       Summon Lightning  |       |       |     1 |    19 |    17 ||    37
Evoke: Wand              |       |       |       |     4 |       ||     4
  Use: Scroll            |     4 |     1 |     7 |    18 |    13 ||    43
       Potion            |     1 |     1 |     1 |     3 |     3 ||     9
 Stab: Sleeping          |    10 |     7 |    25 |    20 |    15 ||    77
       Distracted        |       |       |     1 |     5 |     6 ||    12
       Betrayed ally     |       |       |       |     1 |       ||     1
Armor: Robe              |     6 |    23 |    14 |   132 |    31 ||   206
       Skin              |       |       |       |     7 |       ||     7
Dodge: Dodged            |    26 |   112 |   137 |   569 |   146 ||   990

Table legend: (Time is in decaauts)
 A = Elapsed time spent in this place.
 B = Non-inter-level travel time spent in this place.
 C = Inter-level travel time spent in this place.
 D = Time resting spent in this place.
 E = Time spent auto-exploring this place.
 F = Levels seen in this place.
 G = Mean time per level.
                   A        B        C        D        E       F      G
               +--------+--------+--------+--------+--------+-----+--------+
         Total |  20678 |  18846 |   1832 |   4292 |   9258 |  19 | 1088.3 |
       Dungeon |  20065 |  18306 |   1759 |   4292 |   9036 |  15 | 1337.7 |
        Temple |    295 |    222 |     73 |      0 |    219 |   1 |  295.0 |
          Lair |     36 |     36 |      0 |      0 |      0 |   1 |   36.0 |
      Ice Cave |      8 |      8 |      0 |      0 |      0 |   1 |    8.0 |
       Volcano |    271 |    271 |      0 |      0 |      3 |   1 |  271.0 |
               +--------+--------+--------+--------+--------+-----+--------+

Top non-repeatable levels by time:
     D:7: 2142 daAuts
     D:3: 2005 daAuts
     D:6: 1890 daAuts
     D:2: 1642 daAuts
    D:12: 1482 daAuts
    D:14: 1454 daAuts
    D:11: 1402 daAuts
     D:4: 1375 daAuts
     D:9: 1351 daAuts
     D:1: 1249 daAuts
    D:15: 1154 daAuts
     D:5: 910 daAuts
     D:8: 729 daAuts
    D:13: 716 daAuts
    D:10: 558 daAuts
